 Dungeon Crawl Stone Soup version 0.18-a0-1120-g03bd624 (webtiles) character file.

91 vatarom the Skirmisher (level 4, 0/40 HPs)
             Began as a Hill Orc Gladiator on Jan 17, 2016.
             Killed by nerve-wracking pain
             ... invoked by Grinder
              (14 damage)
             ... on level 3 of the Dungeon.
             The game lasted 00:05:03 (2324 turns).

vatarom the Skirmisher (Hill Orc Gladiator)         Turns: 2324, Time: 00:05:03

Health: 0/40       AC:  5    Str: 17    XL:     4   Next: 59%
Magic:  4/4        EV: 12    Int:  8    God:
Gold:   55         SH:  0    Dex: 12    Spells: 0 memorised, 3 levels left

rFire  . . .     SeeInvis .     a - +0 war axe
rCold  . . .     Gourm    .     b - +0 leather armour
rNeg   . . .     Faith    .     (no shield)
rPois  .         Spirit   .     c - +1 helmet
rElec  .         Dismiss  .     (no cloak)
rCorr  .         Reflect  .     (no gloves)
SustAt .         Harm     .     (no boots)
MR     .....                    (no amulet)
Stlth  +.........               (no ring)
                                (no ring)

@: not resistant to hostile enchantments, very unstealthy
A: no striking features
a: no special abilities


You were on level 3 of the Dungeon.
You were not hungry.

You visited 1 branch of the dungeon, and saw 3 of its levels.

You collected 55 gold pieces.

Inventory:

Hand Weapons
 a - a +0 war axe (weapon)
Missiles
 e - 8 poisoned tomahawks (quivered)
Armour
 b - a +0 leather armour (worn)
 c - a +1 helmet (worn)
Scrolls
 g - 3 scrolls of identify
 i - a scroll of enchant armour
Comestibles
 f - a meat ration
 h - 5 fruits


   Skills:
 + Level 4.2 Fighting
 - Level 4.0 Axes
 - Level 1.7 Throwing
 + Level 3.1 Armour
 - Level 2.4 Dodging


You had 3 spell levels left.
You didn't know any spells.

Dungeon Overview and Level Annotations

Branches:
Dungeon (3/15)

Altars:
Gozag
Makhleb
Xom

Annotations:
D:3 Grinder; gorblad's ghost, amateur GrFi


Message History

Grinder hits you.
You writhe in agony.
Grinder hits you.
You writhe in agony.
You can move again.
You see here a throwing net.
Unknown command.
d - a throwing net Grinder hits you!
You writhe in agony. x2
The giant gecko barely misses you.
Throwing (i - inventory. (,) - cycle):
d - a throwing net (quivered)
Press: ? - help, Shift-Dir - straight line, f/p - Grinder
Aim: Grinder, carrying a wand of teleportation {zapped: 2} (moderately wounded)
You throw a throwing net. The throwing net hits Grinder.
Grinder is caught in the net!
Grinder is moderately wounded.
The giant gecko barely misses you.
Grinder gestures.
Grinder blinks!
The giant gecko misses you. Grinder gestures at you.
Pain shoots through your body!
You die...

............[.#......# #.....
..............#......# #.....
.....................# #.....
.....................# ###.###
...............#+##### #...# #
..............5..# #.#.###
..............#.l# #......
.##############(.############.###
................@................
.#####.....(..##.############.#.#
.# ########.##.############.#.#
.# #.##.##.............. .#
#.##.##.#.#######.#.# .#
#.##.##.#.# #.#.. .#
#.##.##.#.#######.... .#
#.##.##.#............ .#
#####.......#.###########


You could see Grinder and a giant gecko.

Vanquished Creatures
  2 adders
  A gnoll (D:1)
  2 worms (D:2)
  A giant gecko (D:2)
  A ball python (D:1)
  8 bats
  2 giant cockroaches
  4 goblins (D:1)
  4 hobgoblins
  12 jackals
  A quokka (D:3)
  7 giant newts
  6 kobolds
  5 rats
56 creatures vanquished.

Notes
Turn   | Place    | Note
--------------------------------------------------------------
     0 | D:1      | vatarom the Hill Orc Gladiator began the quest for the Orb.
     0 | D:1      | Reached XP level 1. HP: 18/18 MP: 1/1
   140 | D:1      | Reached skill level 1 in Armour
   140 | D:1      | Reached XP level 2. HP: 20/25 MP: 2/2
   590 | D:1      | Reached XP level 3. HP: 23/31 MP: 3/3
  1182 | D:2      | Reached XP level 4. HP: 33/40 MP: 4/4
  1213 | D:2      | Found a shimmering altar of Xom.
  1223 | D:2      | Found a shimmering altar of Xom.
  1224 | D:2      | Found a shimmering altar of Xom.
  1233 | D:2      | Found a shimmering altar of Xom.
  1332 | D:2      | Found an opulent altar of Gozag.
  1356 | D:2      | Found a burning altar of Makhleb.
  1448 | D:2      | Found a shimmering altar of Xom.
  1999 | D:3      | Noticed gorblad's ghost (amateur GrFi)
  2285 | D:3      | Noticed Grinder
  2317 | D:3      | Paralysed by Grinder for 4 turns
  2324 | D:3      | Killed from afar by Grinder

Vault maps used:
D:1:      dpeg_arrival_simpleton_c, minmay_misc_feat_columns
D:2:      grunt_gozag_statues, overflow_temple_1_default, xom_redecorated
D:3:      uniq_grinder

Action                   |  1- 3 |  4- 6 || total
-------------------------+-------+-------++-------
Melee: War axe           |   106 |    67 ||   173
Throw: Throwing net      |     2 |     6 ||     8
  Use: Scroll            |     3 |     3 ||     6
       Potion            |     2 |     1 ||     3
 Stab: Sleeping          |     1 |     1 ||     2
  Eat: Bread ration      |     1 |       ||     1
